 Dungeon Sprint DCSS version 0.20-a0-1078-g4874019 (webtiles) character file.

112 Nobokod the Covert (level 4, -1/35 HPs)
             Began as a Demonspawn Assassin on Apr 30, 2017.
             Was an Initiate of Cheibriados.
             Slain by a wyvern (8 damage)
             ... in the Dungeon (Sprint IX: "|||||||||||||||||||||||||||||").
             The game lasted 00:00:46 (495 turns).

Nobokod the Covert (Demonspawn Assassin)             Turns: 495, Time: 00:00:47

Health: -1/35      AC: 11    Str: 12    XL:     4   Next: 64%
Magic:  4/4        EV: 11    Int: 17    God:    Cheibriados [......]
Gold:   0          SH:  0    Dex: 16    Spells: 3/3 levels left

rFire    + . .     SeeInvis .   a - +2 dagger
rCold    . . .     Gourm    .   (no shield)
rNeg     . . .     Faith    .   r - +1 scale mail
rPois    .         Spirit   .   (no helmet)
rElec    .         Reflect  .   d - +0 cloak
rCorr    .         Harm     .   q - +0 pair of gloves
MR       .....     NoTele   +   (no boots)
Stlth    +++.......             (no amulet)
Regen    0.2/turn               s - +3 ring of intelligence
MPRegen  0.1/turn               t - +2 ring of evasion

@: very slow
A: icy blue scales 1, demonic guardian 1, fire resistance 1
a: Bend Time, Renounce Religion


You were in the Dungeon.
You worshipped Cheibriados.
Cheibriados was noncommittal.
You were not hungry.

You visited 1 branch

Inventory:

Hand Weapons
 a - a +2 dagger (weapon)
 b - a +0 blowgun
Missiles
 e - 8 poisoned needles
 f - 2 curare-tipped needles
Armour
 d - a +0 cloak (worn)
 q - a +0 pair of gloves (worn)
 r - a +1 scale mail (worn)
Jewellery
 s - a +3 ring of intelligence (left hand)
 t - a +2 ring of evasion (right hand)
Wands
 p - a wand of acid (5/15)
Scrolls
 m - 2 scrolls of blinking
 n - 3 scrolls of remove curse
 o - 2 scrolls of amnesia
Potions
 h - 5 potions of curing
 i - 3 potions of heal wounds
 j - a potion of haste
 k - 4 potions of magic
 l - a potion of invisibility
Comestibles
 g - a bread ration


   Skills:
 + Level 3.5 Fighting
 * Level 4.4 Short Blades
 - Level 1.7 Throwing
 + Level 1.7 Dodging
 + Level 8.1 Stealth


You had 3 spell levels left.
You didn't know any spells.

Dungeon Overview and Level Annotations

Branches:
Dungeon (1/1)

Altars:
Cheibriados
Dithmenos
Elyvilon
Fedhas
Gozag
Hepliaklqana
Kikubaaqudgha
Makhleb
Nemelex Xobeh
Okawaru
Qazlal
Ru
Sif Muna
Trog
Uskayaw
Vehumet
Wu Jian
Xom
Yredelemnul
Zin
The Shining One
Beogh
Jiyva
Lugonu


Innate Abilities, Weirdness & Mutations

You are partially covered in icy blue scales. (AC +2)
A weak demonic guardian rushes to your aid.
Your flesh is heat resistant. (rF+)


Message History

The quokka skeleton is splashed with acid.
The acid corrodes the quokka skeleton!
You destroy the quokka skeleton!
Cheibriados appreciates the change of pace.
The bolt of acid hits the yak.
The yak is splashed with acid.
The yak is heavily wounded.
This wand has 6 charges left.
The wyvern bites you.
* * * LOW HITPOINT WARNING * * *
Unknown command.
Unknown command.
Evoke which item? (* to show all) (? for menu, Esc to quit)
Aiming: Corrosive Bolt
Press: ? - help, Shift-Dir - straight line, f/p - wyvern
Aim: a wyvern (severely wounded)
The bolt of acid misses the wyvern.
The bolt of acid hits the yak.
The yak is splashed with acid.
The acid corrodes the yak!
The yak is almost dead.
The bolt of acid hits the jelly.
The jelly completely resists.
This wand has 5 charges left.
The wyvern bites you!
You die... ▓▓▓▓▓▓▓▓▓▓▓▓▓▓▓▓▓▓▓▓▓▓▓▓ +l.oJYl@5..[.)|..'______ ▓▓▓▓▓▓▓▓▓▓▓▓▓▓▓▓▓▓▓▓▓▓▓▓

You could see a yak, an orc warrior, a wyvern, an iguana, a jelly and a friendly quasit.

Vanquished Creatures
  A centaur (D)
  An iguana (D)
  2 orcs (D)
  A bat (D)
  A bat skeleton (D)
  2 goblins (D)
  2 kobolds (D)
  A quokka skeleton (D)
11 creatures vanquished.

Notes
Turn   | Place    | Note
-------+----------+-------------------------------------------
     0 | D        | Nobokod the Demonspawn Assassin began the quest for the Orb.
     0 | D        | Reached XP level 1. HP: 16/16 MP: 1/1
     5 | D        | Reached skill level 4 in Stealth
    23 | D        | Reached skill level 1 in Dodging
   292 | D        | Noticed an iguana
   292 | D        | Noticed a centaur
   299 | D        | Killed a centaur
   299 | D        | Reached skill level 7 in Stealth
   299 | D        | Gained mutation: You are partially covered in icy blue scales. (AC +2) [demonic ancestry]
   299 | D        | Reached XP level 2. HP: 12/24 MP: 2/2
   299 | D        | Gained mutation: A weak demonic guardian rushes to your aid. [demonic ancestry]
   299 | D        | Reached XP level 3. HP: 14/29 MP: 3/3
   299 | D        | Gained mutation: Your flesh is heat resistant. (rF+) [demonic ancestry]
   299 | D        | Reached XP level 4. HP: 17/35 MP: 4/4
   307 | D        | Reached skill level 8 in Stealth
   314 | D        | Found a roughly hewn altar of Beogh.
   314 | D        | Found a snail-covered altar of Cheibriados.
   314 | D        | Found a shadowy altar of Dithmenos.
   314 | D        | Found a white marble altar of Elyvilon.
   314 | D        | Found a blossoming altar of Fedhas.
   314 | D        | Found an opulent altar of Gozag.
   315 | D        | Found a hazy altar of Hepliaklqana.
   316 | D        | Found a viscous altar of Jiyva.
   317 | D        | Found an ancient bone altar of Kikubaaqudgha.
   318 | D        | Became a worshipper of Cheibriados the Contemplative
   319 | D        | Found a corrupted altar of Lugonu.
   320 | D        | Found a burning altar of Makhleb.
   321 | D        | Found a sparkling altar of Nemelex Xobeh.
   322 | D        | Found an iron altar of Okawaru.
   323 | D        | Found a stormy altar of Qazlal.
   324 | D        | Found a sacrificial altar of Ru.
   325 | D        | Found a deep blue altar of Sif Muna.
   326 | D        | Found a bloodstained altar of Trog.
   327 | D        | Found a hide-covered altar of Uskayaw.
   328 | D        | Found a radiant altar of Vehumet.
   329 | D        | Found an ornate altar of the Wu Jian Council.
   330 | D        | Found a shimmering altar of Xom.
   331 | D        | Found a basalt altar of Yredelemnul.
   332 | D        | Found a glowing silver altar of Zin.
   333 | D        | Found a glowing golden altar of the Shining One.
   491 | D        | Noticed an orc warrior
   491 | D        | Noticed a yak
   491 | D        | Noticed a wyvern
   495 | D        | Slain by a wyvern

Vault maps used:
D:        linesprint

Skill      XL: |  1  2  3  4 |
---------------+-------------+-----
Stealth        | 7 8 |  8.1
Short Blades   | 4 |  4.4
Dodging        | 1 |  1.7
Fighting       | 3 |  3.5
Throwing       | |  1.7

Action                   |  1- 3 |  4- 6 || total
-------------------------+-------+-------++-------
Melee: Dagger            |    24 |     9 ||    33
Evoke: Wand              |       |     2 ||     2
  Use: Potion            |     1 |       ||     1
 Stab: Sleeping          |     1 |       ||     1
Armor: Robe              |     3 |     1 ||     4
       Scale mail        |       |     1 ||     1
Dodge: Dodged            |    11 |     1 ||    12
